 Dungeon Crawl Stone Soup version 0.31.0-11-ge490571c62 (webtiles) character file.

Game seed: 2890087415564798474

35991 qw the Markself (level 13, -8/82 HPs)
             Began as a Deep Elf Hunter on Feb 4, 2024.
             Was a High Priest of Okawaru.
             Mangled by a small abomination (10 damage)
             ... on level 5 of the Lair of Beasts.
             The game lasted 00:01:54 (13197 turns).

qw the Markself (Deep Elf Hunter)                  Turns: 13197, Time: 00:01:54

Health: -8/82      AC: 16    Str: 23    XL:     13   Next: 50%
Magic:  19/22      EV: 18    Int: 18    God:    Okawaru [*****.]
Gold:   321        SH:  0    Dex: 18    Spells: 12/12 levels left

rFire   + + +        i - +4 orcbow (drain)
rCold   + . .        (shield currently unavailable)
rNeg    + . .        o - +2 scale mail {rF+}
rPois   +            p - +1 helmet
rElec   .            w - scarf of the Dungeon {rC+ rF+, rCorr Int+2}
rCorr   +            h - +1 pair of gloves of the Abyss {-Cast rPois rN+ Str+5}
SInv    .            e - +1 pair of boots
Will    +....        (no amulet)
Stlth   +            q - ring of protection from fire
HPRegen 0.33/turn    s - +6 ring of strength
MPRegen 0.18/turn

%: no spellcasting
@: mighty, about to teleport
A: no striking features
a: Renounce Religion, Heroism, Finesse, Duel


You were on level 5 of the Lair of Beasts.
You worshipped Okawaru.
Okawaru was extremely pleased with you.
You visited 3 branches of the dungeon, and saw 14 of its levels.
You also visited: Gauntlet.

You collected 930 gold pieces.
You spent 609 gold pieces at shops.


   Skills:
 - Level 10.0 Fighting
 - Level 16.0 Ranged Weapons
 + Level 6.8 Armour
 - Level 14.0 Dodging
 - Level 1.2 Stealth
 - Level 10.0 Invocations


You had 12 spell levels left.
You didn't know any spells.
Your spell library was empty.

Inventory:

Hand Weapons
 i - a +4 orcbow of draining (weapon)
Armour
 e - a +1 pair of boots (worn)
 h - the +1 pair of gloves of the Abyss (worn) {-Cast rPois rN+ Str+5}
   (You found it in a Gauntlet)

   Str+5:     It affects your strength (+5).
   rPois:     It protects you from poison rN+: It protects you from negative
   energy.
   -Cast:     It prevents spellcasting.
 o - a +2 scale mail of fire resistance (worn)
 p - a +1 helmet (worn)
 r - a +0 cloak
 v - the scarf of Luena {shadows, Harm Regen+}
   (You found it on level 4 of the Lair of Beasts)

   Regen+:    It increases your rate of health regeneration.
   Harm:      It increases damage dealt and taken.
 w - the scarf of the Dungeon (worn) {rC+ rF+, rCorr Int+2}
   (You acquired it on level 4 of the Lair of Beasts)

   Int+2:     It affects your intelligence (+2).
   rCorr:     It protects you from acid and corrosion.
Jewellery
 c - the amulet "Jeashreikh" {Spirit ^Drain +Blink rPois Int+3}
   (You bought it in a shop on level 8 of the Dungeon)

   [amulet of guardian spirit]

   Spirit:    It causes incoming damage to be divided between your reserves of
   health and magic.
   Int+3:     It affects your intelligence (+3).
   rPois:     It protects you from poison +Blink: It lets you blink.
   ^Drain:    It drains your maximum health when unequipped.
 k - a ring of ice
 l - a ring of ice
 q - a ring of protection from fire (left hand)
 s - a +6 ring of strength (right hand)
Wands
 d - a wand of acid (12)
 m - a wand of digging (12)
 n - a wand of iceblast (7)
 u - a wand of polymorph (3)
Scrolls
 f - 4 scrolls of teleportation
Potions
 a - 4 potions of might
 b - 3 potions of curing
 g - 2 potions of resistance
 j - 3 potions of enlightenment

Dungeon Overview and Level Annotations

Branches:
Dungeon (8/15)             Temple (1/1) D:5            Lair (5/5) D:8
 Shoals (0/4) Lair:3       Spider (0/4) Lair:3        Slime (0/5) Lair:4
Gauntlet (visited)

Altars:
Ashenzari
Cheibriados
Dithmenos
Fedhas
Gozag
Hepliaklqana
Kikubaaqudgha
Makhleb
Nemelex Xobeh
Okawaru
Qazlal
Ru
Sif Muna
Trog
Uskayaw
Vehumet
Wu Jian
Xom
Yredelemnul
Zin
The Shining One
Jiyva

Shops:
D:3 ?   D:4 :   D:8 *

Annotations:
Lair:4 1 runed translucent door


Message History

The chaos spawn trunk-slaps you!
You feel very mighty all of a sudden.
The basilisk bites you but does no damage.
The chaos spawn tail-slaps you.
You feel your power leaking away.
The basilisk bites you but does no damage.
The chaos spawn touches you. The chaos spawn shocks you!
The basilisk bites you but does no damage.
The chaos spawn bites you but does no damage.
The basilisk gazes at you. The chaos spawn barely misses you.
The basilisk gazes at you. The chaos spawn tentacle-slaps you.
The chaos spawn freezes you! You resist.
The basilisk bites you but does no damage.
The chaos spawn tentacle-slaps you but does no damage.
You turn to flesh and can move again.
You shoot an arrow. The arrow barely misses the basilisk.
The basilisk completely misses you. The chaos spawn closely misses you.
You shoot an arrow. The arrow barely misses the basilisk.
The basilisk misses you. The chaos spawn stings you.
The chaos spawn freezes you. You resist.
You shoot an arrow. The arrow hits the basilisk!
You kill the basilisk!
Okawaru accepts your kill.
The chaos spawn bites you but does no damage.
You shoot an arrow. The arrow hits the chaos spawn!
The chaos spawn is heavily wounded.
The small abomination completely misses you.
You shoot an arrow.
The arrow completely misses the chaos spawn.
The chaos spawn misses you. The small abomination hits you!
13196 ||| READING 5 scrolls of teleportation.
As you read the scroll of teleportation, it crumbles to dust.
You feel strangely unstable. The chaos spawn closely misses you.
The small abomination misses you.
You shoot an arrow. The arrow hits the chaos spawn!
The chaos spawn is severely wounded.
The chaos spawn gores you! The chaos spawn shocks you.
The small abomination hits you!
You die...

......................
#P.....P.P....#.......
......................
..........P..........
....................
77......#...#77#77
77......%.....7
7.%%77777777P#7


77@47777 777 77x...7 7.......7 Fl.77...77 ..777 ..77 7. ..7 7 ?7 77 You could
see a chaos spawn and a small abomination.

Vanquished Creatures
  A minotaur (Gauntlet)
  2 hydras
  A boulder beetle (Lair:3)
  A centaur warrior (D:8)
  10 death yaks (Lair:5)
  A skyshark (Lair:4)
  A sixfirhy (Gauntlet)
  A large abomination (Lair:5)
  A necromancer (Gauntlet)
  A lindwurm (Lair:2)
  7 black mambas
  12 elephants
  4 cane toads
  13 komodo dragons
  A rime drake (Lair:5)
  A tyrant leech (Gauntlet)
  3 polar bears
  11 blink frogs
  4 dream sheep (Lair:5)
  A raiju (Lair:5)
  Sigmund (D:5)
  16 yaks
  3 wyverns
  5 basilisks
  3 swamp worms (Gauntlet)
  17 water moccasins
  A black bear (D:6)
  3 small abominations (Lair:5)
  A sky beast (D:8)
  3 orc warriors (D:8)
  2 ogres (D:5)
  11 wolves
  3 phantoms
  2 kobold brigands
  9 bullfrogs
  2 scorpions
  5 wights
  5 killer bees (D:8)
  3 jellies
  2 howler monkeys (D:8)
  2 bombardier beetles
  A hound (D:5)
  6 orc priests
  3 sleepcaps
  A gnoll bouda (D:5)
  An iguana (D:5)
  4 orc wizards
  A hound skeleton (D:3)
  A howler monkey zombie (D:3)
  11 gnolls
  8 adders
  A shadow imp (D:5)
  3 white imps
  4 ufetubi (Gauntlet)
  An adder skeleton (D:3)
  An adder zombie (D:3)
  A dart slug (D:1)
  25 orcs
  8 endoplasms
  5 goblins
  5 hobgoblins
  5 quokkas
  6 ball pythons
  2 ball python skeletons (D:3)
  A ball python zombie (D:3)
  4 bats
  4 frilled lizards
  A jackal zombie (D:3)
  12 kobolds
  11 rats
313 creatures vanquished.

Notes
Turn   | Place    | Note
-------+----------+-------------------------------------------
     0 | D:1      | qw the Deep Elf Hunter began the quest for the Orb.
     0 | D:1      | Reached XP level 1. HP: 12/12 MP: 3/3
     0 | D:1      | 0 ||| qw: Version: 0.3-a-160-g6735b56
     0 | D:1      | 0 ||| qw: Game counter: 4547
     0 | D:1      | 0 ||| qw: Melee chars always use a shield: true
     0 | D:1      | 0 ||| qw: God list: Okawaru
     0 | D:1      | 0 ||| qw: Allow faded altars: false
     0 | D:1      | 0 ||| qw: Do Orc after clearing Dungeon:15 true
     0 | D:1      | 0 ||| qw: Do second Lair branch before Depths: true
     0 | D:1      | 0 ||| qw: Lair rune preference: random
     0 | D:1      | 0 ||| qw: Goals: Normal
     0 | D:1      | 0 ||| PLANNING D:1-11
    33 | D:1      | Found a faded altar of an unknown god.
   146 | D:1      | Reached XP level 2. HP: 16/16 MP: 4/4
   150 | D:1      | Reached skill level 6 in Ranged Weapons
   674 | D:1      | 674 ||| UPGRADING to +1 pair of boots.
   679 | D:1      | 679 ||| READING scroll labelled IZESUK FOXOGGI.
   780 | D:1      | 780 ||| READING 2 scrolls labelled QURAL TAMM.
   785 | D:1      | 785 ||| READING scroll labelled RUDGHU MAPAQIKH.
   786 | D:1      | 786 ||| DROPPING scroll of butterflies.
   835 | D:2      | Reached XP level 3. HP: 20/20 MP: 5/5
   995 | D:2      | Reached skill level 7 in Ranged Weapons
  1217 | D:2      | 1217 ||| READING 2 scrolls labelled PIM OPPILONN.
  1217 | D:2      | 1217 ||| IDENTIFYING bubbling cyan potion
  1218 | D:2      | 1218 ||| READING scroll of identify.
  1218 | D:2      | 1218 ||| IDENTIFYING smoky golden potion
  1219 | D:2      | 1219 ||| READING scroll labelled SETUZ OXKIONAEZO.
  1219 | D:2      | Identified a scroll of acquirement
  1219 | D:2      | 1219 ||| ACQUIRING +2 orcbow of draining
  1219 | D:2      | Acquired a +2 orcbow of draining
  1221 | D:2      | 1221 ||| SWAPPING to +2 orcbow of draining.
  1222 | D:2      | 1222 ||| DROPPING +0 shortbow.
  1223 | D:2      | 1223 ||| DRINKING 3 murky brown potions.
  1224 | D:2      | 1224 ||| FLEEEEING.
  1225 | D:2      | 1225 ||| FLEEEEING.
  1226 | D:2      | 1226 ||| FLEEEEING.
  1227 | D:2      | 1227 ||| FLEEEEING.
  1228 | D:2      | 1228 ||| FLEEEEING.
  1229 | D:2      | 1229 ||| FLEEEEING.
  1230 | D:2      | 1230 ||| FLEEEEING.
  1231 | D:2      | 1231 ||| FLEEEEING.
  1232 | D:2      | 1232 ||| FLEEEEING.
  1233 | D:2      | 1233 ||| FLEEEEING.
  1234 | D:2      | 1234 ||| FLEEEEING.
  1235 | D:2      | 1235 ||| STAIRDANCE
  1337 | D:1      | 1337 ||| DROPPING 2 potions of berserk rage.
  1338 | D:1      | 1338 ||| DROPPING potion of degeneration.
  1367 | D:3      | Reached XP level 4. HP: 25/25 MP: 6/6
  1551 | D:3      | Reached skill level 8 in Ranged Weapons
  1721 | D:3      | Found Hiezeoff's Magic Scroll Emporium.
  1726 | D:3      | 1726 ||| BUYING scroll of teleportation (36 gold).
  1726 | D:3      | Bought a scroll of teleportation for 36 gold pieces
  1726 | D:3      | 1726 ||| BUYING scroll of teleportation (36 gold).
  1726 | D:3      | Bought a scroll of teleportation for 36 gold pieces
  1806 | D:3      | Reached XP level 5. HP: 29/29 MP: 7/7
  1953 | D:3      | 1953 ||| UPGRADING to +0 ring mail.
  1963 | D:3      | 1963 ||| DROPPING +0 leather armour.
  1964 | D:3      | 1964 ||| READING scroll labelled VEXTIP ELI.
  1964 | D:3      | 1964 ||| ENCHANTING +2 orcbow of draining.
  1965 | D:3      | 1965 ||| READING scroll labelled HIUDOJIORGH.
  1992 | D:4      | 1992 ||| STAIRDANCE
  1995 | D:3      | Reached skill level 9 in Ranged Weapons
  1997 | D:4      | 1997 ||| STAIRDANCE
  2054 | D:4      | Reached XP level 6. HP: 35/35 MP: 8/8
  2237 | D:4      | Found Zeuczyer's Book Shoppe.
  2568 | D:4      | 2568 ||| UPGRADING to +0 pair of gloves.
  2573 | D:4      | 2573 ||| READING 2 scrolls of identify.
  2573 | D:4      | 2573 ||| IDENTIFYING fizzy green potion
  2574 | D:4      | 2574 ||| READING scroll of identify.
  2574 | D:4      | 2574 ||| IDENTIFYING fizzy cyan potion
  2575 | D:4      | 2575 ||| READING scroll labelled MUPTOU XEAJIAR.
  2576 | D:4      | 2576 ||| READING 2 scrolls labelled YMEWKON EKAR.
  2577 | D:4      | 2577 ||| DRINKING 3 brown potions.
  2578 | D:4      | 2578 ||| DROPPING potion of brilliance.
  2579 | D:4      | 2579 ||| DROPPING scroll of blinking.
  2590 | D:5      | Entered Level 5 of the Dungeon
  2613 | D:5      | Reached skill level 1 in Armour
  2639 | D:5      | Reached skill level 10 in Ranged Weapons
  2675 | D:5      | Reached skill level 3 in Dodging
  2691 | D:5      | Reached XP level 7. HP: 40/40 MP: 9/9
  2808 | D:5      | 2808 ||| FLEEEEING.
  2809 | D:5      | 2809 ||| FLEEEEING.
  2810 | D:5      | 2810 ||| FLEEEEING.
  2811 | D:5      | 2811 ||| FLEEEEING.
  2812 | D:5      | 2812 ||| FLEEEEING.
  2813 | D:5      | 2813 ||| FLEEEEING.
  2814 | D:5      | 2814 ||| FLEEEEING.
  2815 | D:5      | 2815 ||| FLEEEEING.
  2816 | D:5      | 2816 ||| FLEEEEING.
  2817 | D:5      | 2817 ||| FLEEEEING.
  2818 | D:5      | 2818 ||| FLEEEEING.
  2819 | D:5      | 2819 ||| FLEEEEING.
  2820 | D:5      | 2820 ||| FLEEEEING.
  2821 | D:5      | 2821 ||| FLEEEEING.
  2822 | D:5      | 2822 ||| FLEEEEING.
  2823 | D:5      | 2823 ||| FLEEEEING.
  2824 | D:5      | 2824 ||| FLEEEEING.
  2825 | D:5      | 2825 ||| FLEEEEING.
  2826 | D:5      | 2826 ||| FLEEEEING.
  2827 | D:5      | 2827 ||| FLEEEEING.
  2828 | D:5      | 2828 ||| FLEEEEING.
  2829 | D:5      | 2829 ||| FLEEEEING.
  2830 | D:5      | 2830 ||| FLEEEEING.
  2831 | D:5      | 2831 ||| FLEEEEING.
  2832 | D:5      | 2832 ||| FLEEEEING.
  2833 | D:5      | 2833 ||| FLEEEEING.
  2835 | D:5      | 2835 ||| RETREEEEATING.
  2839 | D:5      | 2839 ||| RETREEEEATING.
  2840 | D:5      | 2840 ||| RETREEEEATING.
  2843 | D:5      | 2843 ||| RETREEEEATING.
  2844 | D:5      | 2844 ||| RETREEEEATING.
  2845 | D:5      | 2845 ||| RETREEEEATING.
  2846 | D:5      | 2846 ||| RETREEEEATING.
  2847 | D:5      | 2847 ||| RETREEEEATING.
  2848 | D:5      | 2848 ||| RETREEEEATING.
  2849 | D:5      | 2849 ||| RETREEEEATING.
  2850 | D:5      | 2850 ||| RETREEEEATING.
  2851 | D:5      | 2851 ||| RETREEEEATING.
  2853 | D:5      | Reached skill level 11 in Ranged Weapons
  3100 | D:5      | Noticed Sigmund
  3110 | D:5      | Killed Sigmund
  3111 | D:5      | Reached skill level 12 in Ranged Weapons
  3111 | D:5      | Reached XP level 8. HP: 21/44 MP: 10/10
  3312 | D:5      | Found a staircase to the Ecumenical Temple.
  3313 | D:5      | 3313 ||| PLANNING TEMPLE
  3328 | D:5      | Reached skill level 3 in Fighting
  3362 | Temple   | Entered the Ecumenical Temple
  3363 | Temple   | 3363 ||| PLANNING OKAWARU WORSHIP
  3371 | Temple   | Became a worshipper of Warmaster Okawaru
  3372 | Temple   | 3372 ||| PLANNING D:1-11
  3796 | D:6      | Found a shimmering altar of Xom.
  3799 | D:6      | Found a sacrificial altar of Ru.
  3818 | D:6      | Reached skill level 13 in Ranged Weapons
  4083 | D:6      | Found a shimmering blue altar of Sif Muna.
  4780 | D:6      | 4780 ||| UPGRADING to +2 scale mail of fire resistance.
  4790 | D:6      | 4790 ||| DROPPING +0 ring mail.
  4791 | D:6      | 4791 ||| UPGRADING to +1 helmet.
  4796 | D:6      | 4796 ||| READING scroll labelled CODEID KUEH.
  4797 | D:6      | 4797 ||| READING scroll labelled JEUM OSIEL.
  4960 | D:7      | Reached * piety under Okawaru
  4961 | D:7      | Reached skill level 14 in Ranged Weapons
  5055 | D:7      | Reached skill level 1 in Invocations
  5055 | D:7      | Reached XP level 9. HP: 28/50 MP: 10/12
  5601 | D:7      | 5601 ||| UPGRADING to +0 cloak.
  5606 | D:7      | 5606 ||| UPGRADING to ring of protection from fire.
  5607 | D:7      | 5607 ||| UPGRADING to +6 ring of strength.
  5608 | D:7      | 5608 ||| READING 2 scrolls of identify.
  5608 | D:7      | 5608 ||| IDENTIFYING golden potion
  5609 | D:7      | 5609 ||| READING scroll of identify.
  5609 | D:7      | 5609 ||| IDENTIFYING blue potion
  5610 | D:7      | 5610 ||| READING 2 scrolls labelled YMENKI KAANWA.
  5711 | D:7      | 5711 ||| DROPPING potion of attraction.
  5712 | D:7      | 5712 ||| DROPPING scroll of vulnerability.
  5770 | D:8      | 5770 ||| INVOKING Heroism.
  5772 | D:8      | Reached skill level 3 in Invocations
  5869 | D:8      | Found a stormy altar of Qazlal.
  5878 | D:8      | Found a staircase to the Lair.
  6010 | D:8      | Found Penerih's Neck Hole.
  6020 | D:8      | 6020 ||| BUYING amulet "Jeashreikh" {Spirit ^Drain +Blink
                  | rPois Int+3} (537 gold).
  6020 | D:8      | Bought the amulet "Jeashreikh" {Spirit ^Drain +Blink rPois
                  | Int+3} for 537 gold pieces
  6020 | D:8      | 6020 ||| SHOPLISTING amulet of regeneration (330 gold, have
                  | 11).
  6020 | D:8      | 6020 ||| SHOPLISTING scarf of resistance (352 gold, have
                  | 11).
  6059 | D:8      | Found a burning altar of Makhleb.
  6397 | D:8      | 6397 ||| RETREEEEATING.
  6403 | D:8      | Reached ** piety under Okawaru
  6411 | D:8      | Reached skill level 15 in Ranged Weapons
  6492 | D:8      | Noticed a centaur warrior
  6493 | D:8      | 6493 ||| UPGRADING to amulet "Jeashreikh" {Spirit ^Drain
                  | +Blink rPois Int+3}.
  6498 | D:8      | 6498 ||| READING scroll of identify.
  6498 | D:8      | 6498 ||| IDENTIFYING fuming clear potion
  6518 | D:8      | 6518 ||| RETREEEEATING.
  6519 | D:8      | 6519 ||| RETREEEEATING.
  6520 | D:8      | 6520 ||| RETREEEEATING.
  6521 | D:8      | 6521 ||| ZAPPING wand of acid (8) at 1,3 (centaur warrior;
                  | open_door).
  6522 | D:8      | 6522 ||| ZAPPING wand of acid (7) at 0,2 (centaur warrior;
                  | floor).
  6523 | D:8      | 6523 ||| INVOKING Heroism.
  6525 | D:8      | Killed a centaur warrior
  6928 | D:8      | 6928 ||| PLANNING LAIR
  6946 | Lair:1   | Entered Level 1 of the Lair of Beasts
  6948 | Lair:1   | 6948 ||| STAIRDANCE
  7022 | Lair:1   | Noticed a black mamba
  7023 | Lair:1   | 7023 ||| INVOKING Heroism.
  7030 | Lair:1   | Killed a black mamba
  7031 | Lair:1   | Reached XP level 10. HP: 32/59 MP: 7/15
  7164 | Lair:1   | Reached skill level 16 in Ranged Weapons
  7186 | Lair:1   | Noticed a cane toad
  7188 | Lair:1   | 7188 ||| INVOKING Heroism.
  7192 | Lair:1   | Killed a cane toad
  7192 | Lair:1   | Reached *** piety under Okawaru
  7240 | Lair:1   | 7240 ||| RETREEEEATING.
  7244 | Lair:1   | Reached skill level 6 in Dodging
  7257 | Lair:1   | Reached skill level 3 in Armour
  7446 | Lair:1   | Noticed a cane toad
  7447 | Lair:1   | 7447 ||| INVOKING Heroism.
  7461 | Lair:1   | 7461 ||| READING scroll of enchant weapon.
  7461 | Lair:1   | 7461 ||| ENCHANTING +3 orcbow of draining.
  7570 | Lair:1   | Reached skill level 6 in Fighting
  7580 | Lair:1   | Reached **** piety under Okawaru
  7592 | Lair:1   | 7592 ||| INVOKING Finesse.
  7595 | Lair:1   | Killed a cane toad
  7811 | Lair:1   | 7811 ||| READING scroll of identify.
  7811 | Lair:1   | 7811 ||| IDENTIFYING green potion
  7812 | Lair:1   | 7812 ||| READING scroll labelled BAYSMI DUICAI.
  7812 | Lair:1   | 7812 ||| ENCHANTING +0 pair of gloves.
  7813 | Lair:1   | 7813 ||| DROPPING potion of ambrosia.
  7828 | Lair:2   | 7828 ||| STAIRDANCE
  8313 | Lair:2   | Noticed a lindwurm
  8314 | Lair:2   | 8314 ||| INVOKING Finesse.
  8318 | Lair:2   | Killed a lindwurm
  8319 | Lair:2   | Reached XP level 11. HP: 64/64 MP: 10/17
  8785 | Lair:2   | Reached skill level 6 in Invocations
  8801 | Lair:3   | 8801 ||| PLANNING GAUNTLET
  8803 | Lair:3   | Reached skill level 9 in Dodging
  8857 | Lair:3   | 8857 ||| RETREEEEATING.
  8859 | Lair:3   | Reached ***** piety under Okawaru
  8866 | Lair:3   | Found a staircase to the Shoals.
  8934 | Lair:3   | 8934 ||| RETREEEEATING.
  8935 | Lair:3   | 8935 ||| RETREEEEATING.
  8936 | Lair:3   | 8936 ||| RETREEEEATING.
  8937 | Lair:3   | 8937 ||| INVOKING Finesse.
  8938 | Lair:3   | 8938 ||| INVOKING Heroism.
  9036 | Lair:3   | Noticed a boulder beetle
  9038 | Lair:3   | 9038 ||| INVOKING Finesse.
  9067 | Lair:3   | Killed a boulder beetle
  9093 | Lair:3   | Found a gate leading to a gauntlet.
  9094 | Lair:3   | 9094 ||| DRINKING 2 sedimented black potions.
  9122 | Lair:3   | 9122 ||| DROPPING potion of lignification.
  9130 | Gauntlet | Entered a Gauntlet
  9130 | Gauntlet | Noticed a sixfirhy
  9130 | Gauntlet | Found a transporter.
  9130 | Gauntlet | Found a transporter.
  9130 | Gauntlet | Found a transporter.
  9133 | Gauntlet | Noticed a catoblepas
  9134 | Gauntlet | Found a transporter.
  9134 | Gauntlet | Found a transporter.
  9135 | Gauntlet | Found a transporter.
  9138 | Gauntlet | Noticed a sixfirhy
  9145 | Gauntlet | Noticed a necromancer
  9146 | Gauntlet | Found a transporter.
  9148 | Gauntlet | Found a transporter.
  9150 | Gauntlet | Noticed a ghost crab
  9163 | Gauntlet | Found a transporter.
  9260 | Gauntlet | Found a transporter.
  9264 | Gauntlet | Found a transporter.
  9274 | Gauntlet | Found a transporter.
  9321 | Gauntlet | 9321 ||| Stepping randomly (stuck).
  9322 | Gauntlet | 9322 ||| Stepping randomly (stuck).
  9323 | Gauntlet | 9323 ||| Stepping randomly (stuck).
  9324 | Gauntlet | 9324 ||| Stepping randomly (stuck).
  9325 | Gauntlet | 9325 ||| Stepping randomly (stuck).
  9326 | Gauntlet | 9326 ||| INVOKING Finesse.
  9331 | Gauntlet | HP: 15/67 [sixfirhy (10)]
  9332 | Gauntlet | 9332 ||| DRINKING 2 potions of heal wounds.
  9338 | Gauntlet | HP: 14/67 [sixfirhy (10)]
  9339 | Gauntlet | 9339 ||| DRINKING potion of heal wounds.
  9342 | Gauntlet | Killed a sixfirhy
  9469 | Gauntlet | 9469 ||| DROPPING +0 cloak of preservation.
  9476 | Gauntlet | 9476 ||| INVOKING Finesse.
  9483 | Gauntlet | Killed a necromancer
  9598 | Gauntlet | 9598 ||| READING scroll labelled DESMET FARPHI.
  9664 | Gauntlet | Identified the +3 mace "Nyr Ilenk" {freeze, *Noise rPois
                  | rCorr}
  9667 | Gauntlet | Identified the +1 pair of gloves of the Abyss {-Cast rPois
                  | rN+ Str+5}
  9679 | Gauntlet | 9679 ||| UPGRADING to +1 pair of gloves of the Abyss {-Cast
                  | rPois rN+ Str+5}.
  9689 | Gauntlet | 9689 ||| REMOVING amulet "Jeashreikh" {Spirit ^Drain +Blink
                  | rPois Int+3}.
  9694 | Gauntlet | 9694 ||| DROPPING +1 pair of gloves.
  9726 | Gauntlet | Noticed a minotaur
  9727 | Gauntlet | 9727 ||| INVOKING Finesse.
  9745 | Gauntlet | Killed a minotaur
  9746 | Gauntlet | Reached skill level 9 in Invocations
  9885 | Gauntlet | Identified the staff of Indomitability {^Drain rPois rC+
                  | Will++ Dex+3 Ice}
  9928 | Lair:3   | 9928 ||| PLANNING LAIR
 10041 | Lair:3   | Received a gift from Okawaru
 10115 | Lair:3   | 10115 ||| RETREEEEATING.
 10116 | Lair:3   | 10116 ||| RETREEEEATING.
 10120 | Lair:3   | 10120 ||| RETREEEEATING.
 10121 | Lair:3   | 10121 ||| RETREEEEATING.
 10127 | Lair:3   | 10127 ||| INVOKING Finesse.
 10128 | Lair:3   | 10128 ||| RETREEEEATING.
 10147 | Lair:3   | 10147 ||| RETREEEEATING.
 10149 | Lair:3   | Reached XP level 12. HP: 72/72 MP: 16/21
 10151 | Lair:3   | 10151 ||| RETREEEEATING.
 10152 | Lair:3   | 10152 ||| RETREEEEATING.
 10153 | Lair:3   | 10153 ||| RETREEEEATING.
 10154 | Lair:3   | 10154 ||| RETREEEEATING.
 10155 | Lair:3   | 10155 ||| RETREEEEATING.
 10156 | Lair:3   | 10156 ||| RETREEEEATING.
 10159 | Lair:3   | 10159 ||| RETREEEEATING.
 10295 | Lair:3   | Found a hole to the Spider Nest.
 10311 | Lair:3   | 10311 ||| RETREEEEATING.
 10312 | Lair:3   | 10312 ||| RETREEEEATING.
 10313 | Lair:3   | 10313 ||| RETREEEEATING.
 10314 | Lair:3   | 10314 ||| RETREEEEATING.
 10315 | Lair:3   | 10315 ||| RETREEEEATING.
 10322 | Lair:3   | 10322 ||| RETREEEEATING.
 10327 | Lair:3   | 10327 ||| RETREEEEATING.
 10329 | Lair:3   | 10329 ||| RETREEEEATING.
 10330 | Lair:3   | 10330 ||| RETREEEEATING.
 10331 | Lair:3   | 10331 ||| RETREEEEATING.
 10332 | Lair:3   | 10332 ||| RETREEEEATING.
 10671 | Lair:3   | 10671 ||| READING scroll labelled QEXERU KUIN.
 10800 | Lair:4   | 10800 ||| STAIRDANCE
 10828 | Lair:4   | Received a gift from Okawaru
 10854 | Lair:4   | Noticed a five-headed hydra
 10855 | Lair:4   | 10855 ||| INVOKING Finesse.
 10862 | Lair:4   | Killed a five-headed hydra
 11037 | Lair:4   | Found a runed translucent door.
 11085 | Lair:4   | 11085 ||| RETREEEEATING.
 11088 | Lair:4   | 11088 ||| RETREEEEATING.
 11092 | Lair:4   | 11092 ||| RETREEEEATING.
 11093 | Lair:4   | 11093 ||| RETREEEEATING.
 11094 | Lair:4   | 11094 ||| RETREEEEATING.
 11095 | Lair:4   | 11095 ||| RETREEEEATING.
 11096 | Lair:4   | 11096 ||| RETREEEEATING.
 11097 | Lair:4   | 11097 ||| RETREEEEATING.
 11098 | Lair:4   | 11098 ||| RETREEEEATING.
 11099 | Lair:4   | 11099 ||| RETREEEEATING.
 11100 | Lair:4   | 11100 ||| RETREEEEATING.
 11101 | Lair:4   | 11101 ||| RETREEEEATING.
 11102 | Lair:4   | 11102 ||| RETREEEEATING.
 11103 | Lair:4   | 11103 ||| RETREEEEATING.
 11104 | Lair:4   | 11104 ||| RETREEEEATING.
 11105 | Lair:4   | 11105 ||| RETREEEEATING.
 11106 | Lair:4   | 11106 ||| RETREEEEATING.
 11107 | Lair:4   | 11107 ||| RETREEEEATING.
 11109 | Lair:4   | 11109 ||| INVOKING Finesse.
 11193 | Lair:4   | Reached skill level 9 in Fighting
 11404 | Lair:4   | 11404 ||| INVOKING Finesse.
 11405 | Lair:4   | 11405 ||| INVOKING Heroism.
 11547 | Lair:4   | Identified the scarf of Luena {shadows, Harm Regen+}
 11552 | Lair:4   | Reached skill level 6 in Armour
 11564 | Lair:4   | 11564 ||| READING scroll of acquirement.
 11564 | Lair:4   | 11564 ||| ACQUIRING scarf of the Dungeon {rC+ rF+, rCorr
                  | Int+2}
 11564 | Lair:4   | Acquired the scarf of the Dungeon {rC+ rF+, rCorr Int+2}
 11566 | Lair:4   | 11566 ||| UPGRADING to scarf of the Dungeon {rC+ rF+, rCorr
                  | Int+2}.
 11576 | Lair:4   | Found a staircase to the Slime Pits.
 11577 | Lair:4   | Found a viscous altar of Jiyva.
 11841 | Lair:4   | Noticed a six-headed hydra
 11842 | Lair:4   | 11842 ||| READING scroll of identify.
 11842 | Lair:4   | 11842 ||| IDENTIFYING orange potion
 11843 | Lair:4   | 11843 ||| DROPPING potion of invisibility.
 11865 | Lair:5   | Entered Level 5 of the Lair of Beasts
 11866 | Lair:5   | 11866 ||| RETREEEEATING.
 11867 | Lair:5   | 11867 ||| RETREEEEATING.
 11868 | Lair:5   | 11868 ||| RETREEEEATING.
 11869 | Lair:5   | 11869 ||| RETREEEEATING.
 11870 | Lair:5   | 11870 ||| RETREEEEATING.
 11871 | Lair:5   | 11871 ||| INVOKING Finesse.
 11950 | Lair:5   | Noticed a death yak
 11951 | Lair:5   | 11951 ||| INVOKING Finesse.
 11953 | Lair:5   | Noticed a death yak
 11957 | Lair:5   | Killed a death yak
 11958 | Lair:5   | Reached skill level 12 in Dodging
 11958 | Lair:5   | Noticed a death yak
 11960 | Lair:5   | Noticed a death yak
 11961 | Lair:5   | 11961 ||| RETREEEEATING.
 11962 | Lair:5   | 11962 ||| RETREEEEATING.
 11963 | Lair:5   | 11963 ||| RETREEEEATING.
 11964 | Lair:5   | 11964 ||| RETREEEEATING.
 11969 | Lair:5   | Noticed a death yak
 11970 | Lair:5   | Killed a death yak
 11981 | Lair:5   | Killed a death yak
 11981 | Lair:5   | Received a gift from Okawaru
 11998 | Lair:5   | Killed a death yak
 12002 | Lair:5   | Reached XP level 13. HP: 66/80 MP: 20/22
 12278 | Lair:5   | 12278 ||| RETREEEEATING.
 12279 | Lair:5   | 12279 ||| RETREEEEATING.
 12280 | Lair:5   | 12280 ||| RETREEEEATING.
 12281 | Lair:5   | 12281 ||| RETREEEEATING.
 12282 | Lair:5   | 12282 ||| RETREEEEATING.
 12283 | Lair:5   | 12283 ||| RETREEEEATING.
 12284 | Lair:5   | 12284 ||| RETREEEEATING.
 12285 | Lair:5   | 12285 ||| RETREEEEATING.
 12286 | Lair:5   | 12286 ||| RETREEEEATING.
 12287 | Lair:5   | 12287 ||| RETREEEEATING.
 12288 | Lair:5   | 12288 ||| RETREEEEATING.
 12289 | Lair:5   | 12289 ||| RETREEEEATING.
 12290 | Lair:5   | 12290 ||| RETREEEEATING.
 12291 | Lair:5   | 12291 ||| RETREEEEATING.
 12292 | Lair:5   | 12292 ||| RETREEEEATING.
 12293 | Lair:5   | 12293 ||| RETREEEEATING.
 12294 | Lair:5   | 12294 ||| RETREEEEATING.
 12294 | Lair:5   | HP: 20/82 [death yak (2)]
 12295 | Lair:5   | 12295 ||| READING 7 scrolls of teleportation.
 12296 | Lair:5   | 12296 ||| DRINKING 2 potions of heal wounds.
 12297 | Lair:5   | 12297 ||| RETREEEEATING.
 12385 | Lair:5   | 12385 ||| INVOKING Finesse.
 12386 | Lair:5   | 12386 ||| INVOKING Heroism.
 12523 | Lair:5   | 12523 ||| RETREEEEATING.
 12525 | Lair:5   | 12525 ||| RETREEEEATING.
 12526 | Lair:5   | 12526 ||| RETREEEEATING.
 12527 | Lair:5   | 12527 ||| RETREEEEATING.
 12528 | Lair:5   | 12528 ||| RETREEEEATING.
 12529 | Lair:5   | 12529 ||| RETREEEEATING.
 12530 | Lair:5   | 12530 ||| RETREEEEATING.
 12531 | Lair:5   | 12531 ||| RETREEEEATING.
 12534 | Lair:5   | 12534 ||| RETREEEEATING.
 12535 | Lair:5   | 12535 ||| RETREEEEATING.
 12536 | Lair:5   | 12536 ||| RETREEEEATING.
 12537 | Lair:5   | 12537 ||| RETREEEEATING.
 12538 | Lair:5   | 12538 ||| RETREEEEATING.
 12539 | Lair:5   | 12539 ||| RETREEEEATING.
 12540 | Lair:5   | 12540 ||| INVOKING Finesse.
 12552 | Lair:5   | Received a gift from Okawaru
 12572 | Lair:5   | HP: 18/82 [death yak (20)]
 12573 | Lair:5   | 12573 ||| READING 6 scrolls of teleportation.
 12574 | Lair:5   | 12574 ||| DRINKING potion of heal wounds.
 12594 | Lair:5   | 12594 ||| FLEEEEING.
 12600 | Lair:5   | 12600 ||| FLEEEEING.
 12626 | Lair:5   | 12626 ||| FLEEEEING.
 12633 | Lair:5   | 12633 ||| FLEEEEING.
 12922 | Lair:5   | 12922 ||| RETREEEEATING.
 12932 | Lair:5   | 12932 ||| RETREEEEATING.
 13171 | Lair:5   | 13171 ||| RETREEEEATING.
 13177 | Lair:5   | Paralysed by a chaos spawn for 1 turns
 13195 | Lair:5   | HP: 15/82 [small abomination (10)]
 13196 | Lair:5   | 13196 ||| READING 5 scrolls of teleportation.
 13197 | Lair:5   | HP: 2/82 [chaos spawn (6)]
 13197 | Lair:5   | Mangled by a small abomination

Levels and vault maps discovered:
D:1:      scummos_arrival_simple_fountains, layout_loops_cross,
          shapermc_ecumenical_altar_flowoftime, minmay_pentomino_z4
D:2:      layout_rooms
D:3:      layout_loops_ring, serial_undead, serial_undead_a, serial_undead_d,
          serial_undead_a, serial_undead_e, serial_shops, shop
D:4:      layout_basic, serial_shops, nicolae_shop_behind_doors
D:5:      layout_gridville, minmay_temple_entry_proselytizer, kennysheep_dice,
          uniq_sigmund
D:6:      layout_layer_cave, mainiacjoe_overflow_catwalk,
          chequers_temple_overflow_statue_of_worship
D:7:      layout_loops_ring
D:8:      minmay_clustersquares, layout_loops_ring,
          mainiacjoe_overflow_chevrons, amcnicky_altar_gilded,
          nicolae_concentric_dashed_squares_mild,
          nicolae_shop_sticking_my_neck_out
Temple:   eino_temple_scatter_basement
Lair:1:   layout_roguey, nicolae_quartered_pool_impasse
Lair:2:   wander_river, layout_long_grid
Lair:3:   layout_loops_ring, elwin_shoals_entry_rocks, dummy_spider_entry,
          gauntlet_entry_generic, infiniplex_staircase_pool, grunt_megastairs_1
Lair:4:   layout_cave_pods, slime_entry_1, pf_torpor_hydra
Lair:5:   hellmonk_lair_end_abyssal_woods, layout_long_grid

Skill      XL: |  1  2  3  4  5  6  7  8  9 10 11 12 13 |
---------------+----------------------------------------+-----
Ranged Weapons | 6 7 8 9 10 12 14 15 16 | 16.0
Fighting       | 2 3 5 6 7 9 10 | 10.0
Armour         | 1 2 4 5 6 |  6.8
Dodging        | 3 4 5 8 10 12 14 | 14.0
Invocations    | 1 4 5 9 10 | 10.0
Stealth        | |  1.2

Action                     |  1- 3 |  4- 6 |  7- 9 | 10-12 | 13-15 || total
---------------------------+-------+-------+-------+-------+-------++-------
   Fire: Shortbow          |    87 |       |       |       |       ||    87
         Orcbow            |     2 |    97 |   304 |   625 |   219 ||  1247
 Invoke: Heroism           |       |       |     3 |     4 |     1 ||     8
         Finesse           |       |       |       |    13 |     2 ||    15
  Evoke: Wand              |       |       |     2 |       |       ||     2
    Use: Scroll            |     6 |     6 |     6 |     7 |     3 ||    28
         Potion            |     1 |     1 |       |     3 |     2 ||     7
 Armour: Leather armour    |     9 |     3 |       |       |       ||    12
         Ring mail         |       |     9 |    46 |       |       ||    55
         Scale mail        |       |       |    63 |   206 |   103 ||   372
  Dodge: Dodged            |    17 |    12 |    91 |   255 |   104 ||   479

Table legend:
 A = Non-vault XP
 B = Vault XP
 C = Vault XP percentage of total XP
 D = Non-vault monster count
 E = Vault monster count
 F = Vault count percentage of total count
                 A         B        C        D         E       F
            +---------+---------+-------+---------+---------+-------
      Total |   41530 |    9886 |  19.2 |     261 |      52 |  16.6
            +---------+---------+-------+---------+---------+-------
        D:1 |      36 |       3 |   7.7 |      23 |       2 |   8.0
        D:2 |      55 |       0 |   0.0 |      15 |       0 |   0.0
        D:3 |     177 |      49 |  21.7 |      16 |       8 |  33.3
        D:4 |     161 |       0 |   0.0 |      12 |       0 |   0.0
        D:5 |     926 |     286 |  23.6 |      27 |       3 |  10.0
        D:6 |     569 |       0 |   0.0 |      25 |       0 |   0.0
        D:7 |     668 |       0 |   0.0 |      11 |       0 |   0.0
        D:8 |     717 |    1602 |  69.1 |      17 |      10 |  37.0
     Lair:1 |    4327 |       0 |   0.0 |      16 |       0 |   0.0
     Lair:2 |    2928 |       0 |   0.0 |      11 |       0 |   0.0
     Lair:3 |    7340 |    2251 |  23.5 |      30 |       7 |  18.9
     Lair:4 |    7034 |       0 |   0.0 |      21 |       0 |   0.0
     Lair:5 |   16592 |    2083 |  11.2 |      37 |       8 |  17.8
   Gauntlet |       0 |    3612 | 100.0 |       0 |      14 | 100.0
            +---------+---------+-------+---------+---------+-------
